Sharks vs Flames

Created - 21 octobre 2017 at 18:21

Goals
1 2 3 T
Sharks 0 3 0 3
Flames 0 0 2 2
Shots
1 2 3 T
Sharks 18 12 11 41
Flames 11 4 7 22

1st period

No Goal

Penalties :
Esa Lindell (SJS) for High sticking (Minor) at 0:18, Esa Lindell (SJS) for Elbowing (Minor) at 15:49

2nd period

1. Sharks , Charlie Coyle 3 (Travis Konecny 1, Sean Couturier 7) at 11:22 (PP)
2. Sharks , Seth Jones 3 (Henrik Zetterberg 11, Anze Kopitar 4) at 18:00 (PP)
3. Sharks , Henrik Zetterberg 6 (Anze Kopitar 5, Sam Reinhart 2) at 19:03

Penalties :
Marc Staal (SJS) for Roughing (Minor) at 3:05, Adam Lowry (CGY) for Holding (Minor) at 5:33, Justin Faulk (CGY) for Tripping (Minor) at 10:22, Jarome Iginla (CGY) for Holding (Minor) at 13:27, Justin Faulk (CGY) for Tripping (Minor) at 16:17

3rd period

4. Flames , Antoine Vermette 1 (John Carlson 5, Alexander Radulov 2) at 3:56
5. Flames , John Carlson 2 (Viktor Arvidsson 1, Jarome Iginla 4) at 16:09 (PP)

Penalties :
Brady Skjei (CGY) for Interference (Minor) at 6:47, Esa Lindell (SJS) for Hooking (Minor) at 15:06, Alexander Radulov (CGY) for Unsportsmanlike conduct (Minor) at 17:21

Goalie Stats

Semyon Varlamov (SJS), 20 saves from 22 shots - (0.909), W, 2-1-0, 60:00 minutes
Mike Smith (CGY), 38 saves from 41 shots - (0.927), L, 3-2-1, 60:00 minutes

Players Stats for Sharks

Player Name              G  A  P  +/- PIM S  H  SB GA TA FO     MP     PP MP  PK MP  
------------------------------------------------------------------------------------
Andrej Sustr             0  0  0   1  0   0  1  1  0  0  0/0    16:04   3:29   0:51 
Anze Kopitar             0  2  2   1  0   2  0  1  0  0  13/24  22:50   6:40   3:03 
Charlie Coyle            1  0  1  -1  0   7  1  0  0  0  0/2    18:35   3:59   0:37 
Chris Tanev              0  0  0   0  0   3  1  5  0  0  0/0    20:24   4:12   3:21 
Esa Lindell              0  0  0  -1  6   1  2  1  0  0  0/0    19:57   0:51   0:38 
Henrik Zetterberg        1  1  2   1  0   5  0  0  0  0  0/0    20:32   6:03   0:00 
Marc Staal               0  0  0   0  2   2  1  1  0  0  0/0    15:26   1:00   2:13 
Mark Pysyk               0  0  0   1  0   1  1  0  0  0  0/0    15:36   1:00   3:37 
Matt Martin              0  0  0   0  0   2  2  0  0  0  0/1     6:43   0:00   0:00 
Michael Chaput           0  0  0   0  0   3  0  0  0  0  5/10    6:43   0:00   0:00 
Mikhail Grigorenko       0  0  0   0  0   4  0  0  0  0  0/1    12:00   1:08   3:03 
Mikko Rantanen           0  0  0  -1  0   2  1  0  0  0  0/1    18:16   4:56   0:00 
Nick Bjugstad            0  0  0   0  0   0  1  0  0  0  5/11    8:32   0:00   0:00 
Sam Reinhart             0  1  1   1  0   2  3  0  0  0  2/3    19:32   5:40   0:00 
Sean Couturier           0  1  1  -1  0   4  0  2  0  0  18/31  21:30   3:59   3:32 
Seth Jones               1  0  1  -1  0   2  1  0  0  0  0/0    27:02   5:19   3:20 
Tom Wilson               0  0  0   0  0   0  1  0  0  0  1/2    12:46   0:23   3:45 
Travis Konecny           0  1  1   0  0   1  1  0  0  0  0/0    10:28   4:36   0:00 

Players Stats for Flames

Player Name              G  A  P  +/- PIM S  H  SB GA TA FO     MP     PP MP  PK MP  
------------------------------------------------------------------------------------
Adam Lowry               0  0  0   0  2   1  2  0  0  0  9/18   13:55   0:00   0:00 
Alec Martinez            0  0  0   1  0   1  1  0  0  0  0/0    22:12   3:22   5:43 
Alexander Radulov        0  1  1   0  2   0  0  0  0  0  2/5    15:49   0:00   3:19 
Antoine Vermette         1  0  1   0  0   3  0  0  0  0  12/23  19:48   3:22   3:34 
Brady Skjei              0  0  0  -1  2   0  2  1  0  0  0/0    12:11   0:00   0:12 
Brandon Sutter           0  0  0   0  0   1  1  0  0  0  14/22  21:23   3:38   5:06 
Cameron Gaunce           0  0  0  -1  0   0  0  1  0  0  0/0    13:04   0:00   1:04 
Gabriel Bourque          0  0  0   0  0   0  0  0  0  0  1/1     4:28   0:00   1:13 
James van Riemsdyk       0  0  0   0  0   4  0  0  0  0  1/12   24:35   3:38   5:24 
Jared Spurgeon           0  0  0   0  0   2  1  0  0  0  0/0    26:43   3:38   5:51 
Jarome Iginla            0  1  1   0  2   0  0  1  0  0  2/2    17:17   3:22   0:00 
Jaromir Jagr             0  0  0   0  0   0  0  0  0  0  0/0     0:00   0:00   0:00 
John Carlson             1  1  2   1  0   4  0  3  0  0  0/0    21:05   3:22   4:36 
Jordan Martinook         0  0  0   0  0   1  0  0  0  0  0/0    13:56   0:00   0:00 
Justin Faulk             0  0  0   0  4   2  3  0  0  0  0/0    24:42   3:38   3:52 
Kyle Palmieri            0  0  0   0  0   1  0  0  0  0  0/1    18:59   3:38   2:42 
Shane Doan               0  0  0   0  0   0  0  0  0  0  0/0     3:15   0:00   0:00 
Viktor Arvidsson         0  1  1   0  0   2  0  0  0  0  1/2    15:53   3:22   0:00 

3 Stars

1 - John Carlson (CGY)
2 - Henrik Zetterberg (SJS)
3 - Anze Kopitar (SJS)

Power Play

Sharks - 2 on 6 Attempt(s) - 33.33%
Flames - 1 on 4 Attempt(s) - 25.00%

Penalty Kill

Sharks - 3 on 4 Attempt(s) - 75.00% - Score 0 goal in Penalty Kill
Flames - 4 on 6 Attempt(s) - 66.67% - Score 0 goal in Penalty Kill

Team Stat

Sharks - Hits : 17 - Faceoff Wins : 44 - Blocked Shots : 11 - Penalty Minutes : 8
Flames - Hits : 10 - Faceoff Wins : 42 - Blocked Shots : 6 - Penalty Minutes : 12

Official

Referees : Dennis LaRue and Brad Meier
Linesman : Mark Shewchyk and Mike Cvik

Game Notes

No Game Note

Finance

Level 1 -- Attendance: 5818 (89.51%) -- Ticket Income 639 980 $
Level 2 -- Attendance: 4773 (95.46%) -- Ticket Income 276 834 $
Level 3 -- Attendance: 3340 (95.43%) -- Ticket Income 163 660 $
Level 4 -- Attendance: 2972 (90.36%) -- Ticket Income 86 188 $
Luxury Box -- Attendance: 998 (99.80%) -- Ticket Income 149 700 $
Game was played at the Scotiabank Saddledome.
Total Attendance: 17901 (92.80%)
Total Ticket Income: 1 316 362 $
Other Income: 197 454 $
Total Income: 1 513 816 $

% Time on Ice - Sharks

Lines # - Real PCT - Wanted PCT - Time Play
Normal Forward
1 - 31% - 36% - 13:07
2 - 32% - 32% - 13:20
3 - 20% - 18% - 8:32
4 - 16% - 14% - 6:43
Normal Defense
1 - 43% - 42% - 17:44
2 - 29% - 32% - 12:14
3 - 28% - 26% - 11:44
4 - 0% - 0% - 0:00
PP Forward
1 - 53% - 62% - 5:40
2 - 47% - 38% - 4:59
PP Defense
1 - 61% - 62% - 6:27
2 - 39% - 38% - 4:12
PK Forward
1 - 56% - 55% - 3:57
2 - 44% - 45% - 3:03
PK Defense
1 - 52% - 60% - 3:37
2 - 48% - 40% - 3:23
PK3 Forward
1 - 0% - 55%
2 - 0% - 45%
PK3 Defense
1 - 0% - 60%
2 - 0% - 40%
44 Forward
1 - 0% - 55%
2 - 0% - 45%
44 Defense
1 - 0% - 55%
2 - 0% - 45%
Last Minute Offensive  - 0:00
Last Minute Defensive  - 0:39
Total
Forward - 60:00
Defense - 60:00

% Time on Ice - Flames

Lines # - Real PCT - Wanted PCT - Time Play
Normal Forward
1 - 29% - 40% - 12:00
2 - 30% - 30% - 12:31
3 - 33% - 20% - 13:56
4 - 8% - 10% - 3:15
Normal Defense
1 - 38% - 40% - 15:49
2 - 31% - 30% - 13:07
3 - 29% - 20% - 12:00
4 - 2% - 10% - 0:46
PP Forward
1 - 52% - 60% - 3:38
2 - 48% - 40% - 3:22
PP Defense
1 - 52% - 60% - 3:38
2 - 48% - 40% - 3:22
PK Forward
1 - 75% - 60% - 7:57
2 - 25% - 40% - 2:42
PK Defense
1 - 57% - 60% - 6:03
2 - 43% - 40% - 4:36
PK3 Forward
1 - 0% - 60%
2 - 0% - 40%
PK3 Defense
1 - 0% - 60%
2 - 0% - 40%
44 Forward
1 - 0% - 60%
2 - 0% - 40%
44 Defense
1 - 0% - 60%
2 - 0% - 40%
Last Minute Offensive  - 0:39
Last Minute Defensive  - 0:00
Total
Forward - 60:00
Defense - 60:00

Play by Play

1st period


0:01 of 1st period - Brandon Sutter wins face-off versus Anze Kopitar in neutral zone.
0:01 of 1st period - Brandon Sutter is hit by Sam Reinhart.
0:04 of 1st period - Kyle Palmieri is hit by Esa Lindell and loses puck.
0:18 of 1st period - Minor Penalty to Esa Lindell for High sticking.
0:19 of 1st period - Antoine Vermette wins face-off versus Sean Couturier in Sharks zone.
1:12 of 1st period - Shot by Jared Spurgeon.
1:12 of 1st period - Stopped by Semyon Varlamov with a rebound.
1:14 of 1st period - Shot by Jared Spurgeon.
1:14 of 1st period - Stopped by Semyon Varlamov with a rebound.
1:16 of 1st period - Shot by Brandon Sutter.
1:16 of 1st period - Shot Blocked by Chris Tanev.
1:22 of 1st period - Shot by Kyle Palmieri.
1:22 of 1st period - Shot Blocked by Chris Tanev.
1:24 of 1st period - Shot by Kyle Palmieri.
1:24 of 1st period - Stopped by Semyon Varlamov with a rebound.
1:26 of 1st period - Shot by Jared Spurgeon.
1:26 of 1st period - Shot Blocked by Chris Tanev.
1:28 of 1st period - Shot by Justin Faulk.
1:28 of 1st period - Shot Misses the Net.
2:07 of 1st period - Shot by Viktor Arvidsson.
2:07 of 1st period - Stopped by Semyon Varlamov without a rebound.
2:08 of 1st period - Brandon Sutter wins face-off versus Mikhail Grigorenko in Sharks zone.
3:08 of 1st period - Sam Reinhart is hit by Adam Lowry and loses puck.
3:22 of 1st period - Off-side.
3:23 of 1st period - Sean Couturier wins face-off versus Antoine Vermette in neutral zone.
3:32 of 1st period - Shot by Mikko Rantanen.
3:32 of 1st period - Deflect By Charlie Coyle.
3:32 of 1st period - Stopped by Mike Smith with a rebound.
3:48 of 1st period - Shot by Charlie Coyle.
3:48 of 1st period - Stopped by Mike Smith without a rebound.
3:49 of 1st period - Nick Bjugstad wins face-off versus Brandon Sutter in Flames zone.
3:53 of 1st period - Tom Wilson is hit by Alec Martinez and loses puck.
4:18 of 1st period - Shot by Nick Bjugstad.
4:18 of 1st period - Shot Misses the Net.
5:05 of 1st period - Shot by Antoine Vermette.
5:05 of 1st period - Stopped by Semyon Varlamov without a rebound.
5:06 of 1st period - Anze Kopitar wins face-off versus James van Riemsdyk in Sharks zone.
5:29 of 1st period - Icing by Brady Skjei.
5:30 of 1st period - Sean Couturier wins face-off versus James van Riemsdyk in Flames zone.
5:33 of 1st period - Shot by Mikko Rantanen.
5:33 of 1st period - Deflect By Sean Couturier.
5:33 of 1st period - Stopped by Mike Smith without a rebound.
5:34 of 1st period - Antoine Vermette wins face-off versus Charlie Coyle in Flames zone.
5:47 of 1st period - Shot by Viktor Arvidsson.
5:47 of 1st period - Shot Misses the Net.
5:52 of 1st period - Antoine Vermette is hit by Marc Staal and loses puck.
6:30 of 1st period - Off-side.
6:31 of 1st period - Brandon Sutter wins face-off versus Sam Reinhart in neutral zone.
6:44 of 1st period - Shot by John Carlson.
6:44 of 1st period - Stopped by Semyon Varlamov with a rebound.
6:50 of 1st period - Shot by Kyle Palmieri.
6:50 of 1st period - Shot Misses the Net.
7:10 of 1st period - Shot by Kyle Palmieri.
7:10 of 1st period - Deflect By James van Riemsdyk.
7:10 of 1st period - Stopped by Semyon Varlamov without a rebound.
7:11 of 1st period - Jarome Iginla wins face-off versus Michael Chaput in Sharks zone.
7:22 of 1st period - Shot by Adam Lowry.
7:22 of 1st period - Stopped by Semyon Varlamov with a rebound.
7:30 of 1st period - Shot by Travis Konecny.
7:30 of 1st period - Shot Misses the Net.
7:32 of 1st period - Shot by Matt Martin.
7:32 of 1st period - Stopped by Mike Smith without a rebound.
7:33 of 1st period - Sean Couturier wins face-off versus James van Riemsdyk in Flames zone.
7:46 of 1st period - Shot by Sean Couturier.
7:46 of 1st period - Stopped by Mike Smith with a rebound.
7:48 of 1st period - Shot by Chris Tanev.
7:48 of 1st period - Stopped by Mike Smith without a rebound.
7:49 of 1st period - Anze Kopitar wins face-off versus Antoine Vermette in Flames zone.
9:48 of 1st period - Kyle Palmieri is hit by Andrej Sustr and loses puck.
9:59 of 1st period - Shot by Mikhail Grigorenko.
9:59 of 1st period - Deflect By Nick Bjugstad.
9:59 of 1st period - Shot Blocked by Brady Skjei.
10:05 of 1st period - Shot by Mark Pysyk.
10:05 of 1st period - Shot Misses the Net.
10:07 of 1st period - Shot by Mark Pysyk.
10:07 of 1st period - Shot Misses the Net.
10:13 of 1st period - Shot by Mikhail Grigorenko.
10:13 of 1st period - Stopped by Mike Smith without a rebound.
10:14 of 1st period - Antoine Vermette wins face-off versus Matt Martin in Flames zone.
10:18 of 1st period - Off-side.
10:19 of 1st period - Michael Chaput wins face-off versus Antoine Vermette in neutral zone.
11:25 of 1st period - Shot by Henrik Zetterberg.
11:25 of 1st period - Deflect By Sam Reinhart.
11:25 of 1st period - Stopped by Mike Smith with a rebound.
11:47 of 1st period - Shot by James van Riemsdyk.
11:47 of 1st period - Stopped by Semyon Varlamov with a rebound.
12:21 of 1st period - Shot by Mikko Rantanen.
12:21 of 1st period - Shot Blocked by Cameron Gaunce.
12:23 of 1st period - Shot by Chris Tanev.
12:23 of 1st period - Stopped by Mike Smith without a rebound.
12:24 of 1st period - Gabriel Bourque wins face-off versus Nick Bjugstad in Flames zone.
13:16 of 1st period - Shot by Mikko Rantanen.
13:16 of 1st period - Stopped by Mike Smith without a rebound.
13:17 of 1st period - Michael Chaput wins face-off versus Adam Lowry in Flames zone.
13:18 of 1st period - Shot by Matt Martin.
13:18 of 1st period - Stopped by Mike Smith without a rebound.
13:19 of 1st period - Antoine Vermette wins face-off versus Sean Couturier in Flames zone.
13:25 of 1st period - Off-side.
13:26 of 1st period - Sean Couturier wins face-off versus Antoine Vermette in neutral zone.
13:28 of 1st period - Off-side.
13:29 of 1st period - Sean Couturier wins face-off versus Antoine Vermette in neutral zone.
13:52 of 1st period - Shot by Sean Couturier.
13:52 of 1st period - Shot Misses the Net.
13:54 of 1st period - Shot by Mikko Rantanen.
13:54 of 1st period - Shot Misses the Net.
13:56 of 1st period - Shot by Esa Lindell.
13:56 of 1st period - Stopped by Mike Smith without a rebound.
13:57 of 1st period - Adam Lowry wins face-off versus Anze Kopitar in Flames zone.
13:59 of 1st period - Icing by Jordan Martinook.
14:00 of 1st period - Adam Lowry wins face-off versus Anze Kopitar in Flames zone.
14:33 of 1st period - Shot by Anze Kopitar.
14:33 of 1st period - Shot Misses the Net.
15:43 of 1st period - Shot by Sean Couturier.
15:43 of 1st period - Stopped by Mike Smith with a rebound.
15:48 of 1st period - Viktor Arvidsson is hit by Esa Lindell and loses puck.
15:49 of 1st period - Minor Penalty to Esa Lindell for Elbowing.
15:50 of 1st period - Viktor Arvidsson wins face-off versus Sean Couturier in Sharks zone.
16:08 of 1st period - Icing by Jarome Iginla.
16:09 of 1st period - Sean Couturier wins face-off versus Antoine Vermette in Flames zone.
16:41 of 1st period - Icing by Justin Faulk.
16:42 of 1st period - Brandon Sutter wins face-off versus Anze Kopitar in Flames zone.
16:57 of 1st period - Shot by Brandon Sutter.
16:57 of 1st period - Stopped by Semyon Varlamov without a rebound.
16:58 of 1st period - Tom Wilson wins face-off versus Kyle Palmieri in Sharks zone.
17:21 of 1st period - Shot by James van Riemsdyk.
17:21 of 1st period - Stopped by Semyon Varlamov without a rebound.
17:22 of 1st period - Antoine Vermette wins face-off versus Sean Couturier in Sharks zone.
17:29 of 1st period - Shot by Viktor Arvidsson.
17:29 of 1st period - Shot Blocked by Sean Couturier.
18:09 of 1st period - Icing by Seth Jones.
18:10 of 1st period - Adam Lowry wins face-off versus Michael Chaput in Sharks zone.
18:19 of 1st period - Adam Lowry is hit by Matt Martin and loses puck.
19:08 of 1st period - Shot by Henrik Zetterberg.
19:08 of 1st period - Stopped by Mike Smith with a rebound.
19:10 of 1st period - Shot by Mark Pysyk.
19:10 of 1st period - Deflect By Henrik Zetterberg.
19:10 of 1st period - Stopped by Mike Smith without a rebound.
19:11 of 1st period - Brandon Sutter wins face-off versus Sean Couturier in Flames zone.
19:16 of 1st period - Shot by Mikko Rantanen.
19:16 of 1st period - Shot Misses the Net.
19:20 of 1st period - Shot by Charlie Coyle.
19:20 of 1st period - Stopped by Mike Smith with a rebound.
19:22 of 1st period - Shot by Marc Staal.
19:22 of 1st period - Stopped by Mike Smith without a rebound.
19:23 of 1st period - Antoine Vermette wins face-off versus Nick Bjugstad in Flames zone.
19:34 of 1st period - Shot by Antoine Vermette.
19:34 of 1st period - Shot Hit the Post.
19:36 of 1st period - Shot by Antoine Vermette.
19:36 of 1st period - Shot Misses the Net.
19:38 of 1st period - Shot by Cameron Gaunce.
19:38 of 1st period - Shot Blocked by Chris Tanev.
19:46 of 1st period - Shot by Mikhail Grigorenko.
19:46 of 1st period - Stopped by Mike Smith without a rebound.
19:47 of 1st period - Brandon Sutter wins face-off versus Sean Couturier in Flames zone.
19:47 of 1st period - Brandon Sutter is hit by Charlie Coyle.
Goals for this period are 0 for Sharks vs 0 for Flames.
Shots for this period are 18 for Sharks vs 11 for Flames.

2nd period


0:01 of 2nd period - Brandon Sutter wins face-off versus Sean Couturier in neutral zone.
0:23 of 2nd period - Icing by Esa Lindell.
0:24 of 2nd period - Antoine Vermette wins face-off versus Sean Couturier in Sharks zone.
1:36 of 2nd period - Seth Jones is hit by Jared Spurgeon and loses puck.
2:18 of 2nd period - Anze Kopitar is hit by Brady Skjei and loses puck.
2:35 of 2nd period - Shot by Jordan Martinook.
2:35 of 2nd period - Stopped by Semyon Varlamov without a rebound.
2:36 of 2nd period - Nick Bjugstad wins face-off versus Antoine Vermette in Sharks zone.
2:45 of 2nd period - Shot by Tom Wilson.
2:45 of 2nd period - Shot Misses the Net.
2:55 of 2nd period - Shot by Nick Bjugstad.
2:55 of 2nd period - Deflect By Mikhail Grigorenko.
2:55 of 2nd period - Shot Blocked by John Carlson.
2:57 of 2nd period - Shot by Marc Staal.
2:57 of 2nd period - Stopped by Mike Smith without a rebound.
2:58 of 2nd period - Adam Lowry wins face-off versus Michael Chaput in Flames zone.
2:58 of 2nd period - Adam Lowry is hit by Matt Martin.
3:05 of 2nd period - Minor Penalty to Marc Staal for Roughing.
3:06 of 2nd period - Brandon Sutter wins face-off versus Sean Couturier in Sharks zone.
3:17 of 2nd period - Shot by Brandon Sutter.
3:17 of 2nd period - Shot Misses the Net.
3:21 of 2nd period - Shot by Justin Faulk.
3:21 of 2nd period - Stopped by Semyon Varlamov without a rebound.
3:22 of 2nd period - Anze Kopitar wins face-off versus Viktor Arvidsson in Sharks zone.
3:47 of 2nd period - Shot by John Carlson.
3:47 of 2nd period - Shot Misses the Net.
3:49 of 2nd period - Shot by Alec Martinez.
3:49 of 2nd period - Shot Blocked by Esa Lindell.
3:51 of 2nd period - Shot by Alec Martinez.
3:51 of 2nd period - Stopped by Semyon Varlamov with a rebound.
4:15 of 2nd period - Shot by Justin Faulk.
4:15 of 2nd period - Shot Misses the Net.
4:17 of 2nd period - Shot by Jared Spurgeon.
4:17 of 2nd period - Shot Misses the Net.
4:19 of 2nd period - Shot by James van Riemsdyk.
4:19 of 2nd period - Shot Blocked by Chris Tanev.
4:40 of 2nd period - Icing by Jared Spurgeon.
4:41 of 2nd period - Brandon Sutter wins face-off versus Charlie Coyle in Flames zone.
5:24 of 2nd period - Shot by Brady Skjei.
5:24 of 2nd period - Shot Misses the Net.
5:26 of 2nd period - Shot by Cameron Gaunce.
5:26 of 2nd period - Shot Misses the Net.
5:33 of 2nd period - Minor Penalty to Adam Lowry for Holding.
5:34 of 2nd period - Anze Kopitar wins face-off versus James van Riemsdyk in Flames zone.
5:35 of 2nd period - Shot by Seth Jones.
5:35 of 2nd period - Deflect By Anze Kopitar.
5:35 of 2nd period - Stopped by Mike Smith without a rebound.
5:36 of 2nd period - Anze Kopitar wins face-off versus James van Riemsdyk in Flames zone.
5:41 of 2nd period - Shot by Sam Reinhart.
5:41 of 2nd period - Stopped by Mike Smith without a rebound.
5:42 of 2nd period - Anze Kopitar wins face-off versus James van Riemsdyk in Flames zone.
5:45 of 2nd period - Shot by Seth Jones.
5:45 of 2nd period - Shot Misses the Net.
5:59 of 2nd period - Shot by Mikko Rantanen.
5:59 of 2nd period - Shot Misses the Net.
6:37 of 2nd period - Kyle Palmieri is hit by Travis Konecny and loses puck.
7:34 of 2nd period - Shot by Mikhail Grigorenko.
7:34 of 2nd period - Stopped by Mike Smith without a rebound.
7:35 of 2nd period - Nick Bjugstad wins face-off versus Adam Lowry in Flames zone.
7:35 of 2nd period - Marc Staal is hit by Brady Skjei and loses puck.
8:36 of 2nd period - Shot by Viktor Arvidsson.
8:36 of 2nd period - Shot Misses the Net.
8:49 of 2nd period - Icing by Justin Faulk.
8:50 of 2nd period - Anze Kopitar wins face-off versus Antoine Vermette in Flames zone.
9:03 of 2nd period - Shot by Justin Faulk.
9:03 of 2nd period - Stopped by Semyon Varlamov with a rebound.
9:10 of 2nd period - Icing by Esa Lindell.
9:11 of 2nd period - Brandon Sutter wins face-off versus Anze Kopitar in Sharks zone.
10:22 of 2nd period - Minor Penalty to Justin Faulk for Tripping.
10:23 of 2nd period - Sean Couturier wins face-off versus Alexander Radulov in Flames zone.
10:39 of 2nd period - Off-side.
10:40 of 2nd period - Anze Kopitar wins face-off versus Alexander Radulov in neutral zone.
11:22 of 2nd period - Shot by Charlie Coyle.
11:22 of 2nd period - Goal by Charlie Coyle - Sharks : 1 - Flames : 0.
11:23 of 2nd period - Adam Lowry wins face-off versus Tom Wilson in neutral zone.
11:28 of 2nd period - Shot by Jordan Martinook.
11:28 of 2nd period - Shot Misses the Net.
12:14 of 2nd period - Jared Spurgeon is hit by Nick Bjugstad and loses puck.
12:35 of 2nd period - Shot by Alexander Radulov.
12:35 of 2nd period - Shot Blocked by Andrej Sustr.
12:48 of 2nd period - Icing by Andrej Sustr.
12:49 of 2nd period - Brandon Sutter wins face-off versus Nick Bjugstad in Sharks zone.
13:16 of 2nd period - Shot by James van Riemsdyk.
13:16 of 2nd period - Shot Blocked by Sean Couturier.
13:27 of 2nd period - Minor Penalty to Jarome Iginla for Holding.
13:28 of 2nd period - Antoine Vermette wins face-off versus Anze Kopitar in Flames zone.
14:22 of 2nd period - John Carlson is hit by Mikko Rantanen and loses puck.
14:37 of 2nd period - Shot by Travis Konecny.
14:37 of 2nd period - Shot Blocked by John Carlson.
14:39 of 2nd period - Shot by Chris Tanev.
14:39 of 2nd period - Stopped by Mike Smith without a rebound.
14:40 of 2nd period - Sean Couturier wins face-off versus Brandon Sutter in Flames zone.
15:03 of 2nd period - Travis Konecny is hit by Justin Faulk and loses puck.
15:11 of 2nd period - Sean Couturier is hit by Justin Faulk and loses puck.
15:32 of 2nd period - Shot by Michael Chaput.
15:32 of 2nd period - Stopped by Mike Smith without a rebound.
15:33 of 2nd period - Adam Lowry wins face-off versus Michael Chaput in Flames zone.
15:38 of 2nd period - Shot by Michael Chaput.
15:38 of 2nd period - Stopped by Mike Smith without a rebound.
15:39 of 2nd period - Adam Lowry wins face-off versus Anze Kopitar in Flames zone.
15:41 of 2nd period - Icing by Jordan Martinook.
15:42 of 2nd period - Adam Lowry wins face-off versus Anze Kopitar in Flames zone.
15:55 of 2nd period - Icing by Andrej Sustr.
15:56 of 2nd period - Anze Kopitar wins face-off versus Brandon Sutter in Sharks zone.
16:04 of 2nd period - Off-side.
16:05 of 2nd period - Brandon Sutter wins face-off versus Sean Couturier in neutral zone.
16:17 of 2nd period - Minor Penalty to Justin Faulk for Tripping.
16:18 of 2nd period - Anze Kopitar wins face-off versus James van Riemsdyk in Flames zone.
16:21 of 2nd period - Shot by Seth Jones.
16:21 of 2nd period - Shot Blocked by John Carlson.
16:51 of 2nd period - Jared Spurgeon is hit by Sam Reinhart and loses puck.
17:58 of 2nd period - Shot by Henrik Zetterberg.
17:58 of 2nd period - Shot Misses the Net.
18:00 of 2nd period - Shot by Seth Jones.
18:00 of 2nd period - Goal by Seth Jones - Sharks : 2 - Flames : 0.
18:01 of 2nd period - Nick Bjugstad wins face-off versus Adam Lowry in neutral zone.
18:04 of 2nd period - Justin Faulk is hit by Tom Wilson and loses puck.
18:49 of 2nd period - Off-side.
18:50 of 2nd period - Anze Kopitar wins face-off versus Antoine Vermette in neutral zone.
19:03 of 2nd period - Shot by Henrik Zetterberg.
19:03 of 2nd period - Goal by Henrik Zetterberg - Sharks : 3 - Flames : 0.
19:04 of 2nd period - Sean Couturier wins face-off versus James van Riemsdyk in neutral zone.
19:25 of 2nd period - Shot by Sean Couturier.
19:25 of 2nd period - Stopped by Mike Smith without a rebound.
19:26 of 2nd period - Sam Reinhart wins face-off versus Alexander Radulov in Flames zone.
19:41 of 2nd period - Shot by Henrik Zetterberg.
19:41 of 2nd period - Stopped by Mike Smith without a rebound.
19:42 of 2nd period - Jarome Iginla wins face-off versus Sean Couturier in Flames zone.
Goals for this period are 3 for Sharks vs 0 for Flames.
Shots for this period are 12 for Sharks vs 4 for Flames.

3rd period


0:01 of 3rd period - Brandon Sutter wins face-off versus Anze Kopitar in neutral zone.
0:55 of 3rd period - Mikko Rantanen is hit by Justin Faulk and loses puck.
1:54 of 3rd period - Shot by Mikhail Grigorenko.
1:54 of 3rd period - Stopped by Mike Smith without a rebound.
1:55 of 3rd period - Antoine Vermette wins face-off versus Michael Chaput in Flames zone.
2:15 of 3rd period - Shot by Viktor Arvidsson.
2:15 of 3rd period - Stopped by Semyon Varlamov without a rebound.
2:16 of 3rd period - Adam Lowry wins face-off versus Anze Kopitar in Sharks zone.
3:10 of 3rd period - Icing by John Carlson.
3:11 of 3rd period - Alexander Radulov wins face-off versus Sean Couturier in Flames zone.
3:19 of 3rd period - Icing by Esa Lindell.
3:20 of 3rd period - Antoine Vermette wins face-off versus Sean Couturier in Sharks zone.
3:56 of 3rd period - Shot by Antoine Vermette.
3:56 of 3rd period - Goal by Antoine Vermette - Sharks : 3 - Flames : 1.
3:57 of 3rd period - Nick Bjugstad wins face-off versus Adam Lowry in neutral zone.
4:09 of 3rd period - Shot by Chris Tanev.
4:09 of 3rd period - Shot Blocked by Jarome Iginla.
4:11 of 3rd period - Shot by Marc Staal.
4:11 of 3rd period - Shot Misses the Net.
4:21 of 3rd period - Shot by Mikhail Grigorenko.
4:21 of 3rd period - Shot Misses the Net.
4:56 of 3rd period - Shot by Mark Pysyk.
4:56 of 3rd period - Stopped by Mike Smith without a rebound.
4:57 of 3rd period - Sean Couturier wins face-off versus Antoine Vermette in Flames zone.
5:12 of 3rd period - Shot by Viktor Arvidsson.
5:12 of 3rd period - Shot Misses the Net.
5:16 of 3rd period - Shot by Alexander Radulov.
5:16 of 3rd period - Shot Misses the Net.
5:18 of 3rd period - Shot by John Carlson.
5:18 of 3rd period - Stopped by Semyon Varlamov with a rebound.
6:09 of 3rd period - Kyle Palmieri is hit by Seth Jones and loses puck.
6:47 of 3rd period - Minor Penalty to Brady Skjei for Interference.
6:48 of 3rd period - Alexander Radulov wins face-off versus Anze Kopitar in Flames zone.
8:13 of 3rd period - Shot by James van Riemsdyk.
8:13 of 3rd period - Stopped by Semyon Varlamov with a rebound.
9:52 of 3rd period - Icing by Esa Lindell.
9:53 of 3rd period - Antoine Vermette wins face-off versus Nick Bjugstad in Sharks zone.
11:08 of 3rd period - Off-side.
11:09 of 3rd period - Michael Chaput wins face-off versus Adam Lowry in neutral zone.
11:20 of 3rd period - Shot by Michael Chaput.
11:20 of 3rd period - Stopped by Mike Smith without a rebound.
11:21 of 3rd period - Sam Reinhart wins face-off versus James van Riemsdyk in Flames zone.
11:22 of 3rd period - Shot by Henrik Zetterberg.
11:22 of 3rd period - Shot Misses the Net.
12:54 of 3rd period - Antoine Vermette is hit by Mark Pysyk and loses puck.
13:03 of 3rd period - Shot by Antoine Vermette.
13:03 of 3rd period - Stopped by Semyon Varlamov without a rebound.
13:04 of 3rd period - Sean Couturier wins face-off versus Brandon Sutter in Sharks zone.
13:22 of 3rd period - Off-side.
13:23 of 3rd period - Michael Chaput wins face-off versus Adam Lowry in neutral zone.
13:32 of 3rd period - Michael Chaput is hit by Adam Lowry and loses puck.
14:44 of 3rd period - Shot by Charlie Coyle.
14:44 of 3rd period - Stopped by Mike Smith without a rebound.
14:45 of 3rd period - Brandon Sutter wins face-off versus Nick Bjugstad in Flames zone.
15:06 of 3rd period - Minor Penalty to Esa Lindell for Hooking.
15:07 of 3rd period - Sean Couturier wins face-off versus Brandon Sutter in Sharks zone.
15:36 of 3rd period - Kyle Palmieri is hit by Chris Tanev and loses puck.
15:55 of 3rd period - Shot by Viktor Arvidsson.
15:55 of 3rd period - Shot Misses the Net.
15:57 of 3rd period - Shot by Alec Martinez.
15:57 of 3rd period - Shot Misses the Net.
15:59 of 3rd period - Shot by Jarome Iginla.
15:59 of 3rd period - Shot Misses the Net.
16:01 of 3rd period - Shot by Viktor Arvidsson.
16:01 of 3rd period - Shot Misses the Net.
16:03 of 3rd period - Shot by Viktor Arvidsson.
16:03 of 3rd period - Deflect By Jarome Iginla.
16:03 of 3rd period - Shot Misses the Net.
16:05 of 3rd period - Shot by Viktor Arvidsson.
16:05 of 3rd period - Shot Blocked by Anze Kopitar.
16:07 of 3rd period - Shot by John Carlson.
16:07 of 3rd period - Stopped by Semyon Varlamov with a rebound.
16:09 of 3rd period - Shot by John Carlson.
16:09 of 3rd period - Goal by John Carlson - Sharks : 3 - Flames : 2.
16:10 of 3rd period - Michael Chaput wins face-off versus Adam Lowry in neutral zone.
16:18 of 3rd period - Icing by Brady Skjei.
16:19 of 3rd period - Anze Kopitar wins face-off versus Adam Lowry in Flames zone.
16:34 of 3rd period - Shot by Brady Skjei.
16:34 of 3rd period - Shot Blocked by Marc Staal.
16:56 of 3rd period - Icing by Brady Skjei.
16:57 of 3rd period - Sean Couturier wins face-off versus Adam Lowry in Flames zone.
16:58 of 3rd period - Shot by Charlie Coyle.
16:58 of 3rd period - Stopped by Mike Smith without a rebound.
16:59 of 3rd period - Sean Couturier wins face-off versus Brandon Sutter in Flames zone.
17:16 of 3rd period - Shot by Charlie Coyle.
17:16 of 3rd period - Stopped by Mike Smith without a rebound.
17:17 of 3rd period - Antoine Vermette wins face-off versus Nick Bjugstad in Flames zone.
17:21 of 3rd period - Minor Penalty to Alexander Radulov for Unsportsmanlike conduct.
17:22 of 3rd period - James van Riemsdyk wins face-off versus Mikko Rantanen in Flames zone.
17:22 of 3rd period - James van Riemsdyk is hit by Sam Reinhart.
17:49 of 3rd period - Shot by Anze Kopitar.
17:49 of 3rd period - Stopped by Mike Smith without a rebound.
17:50 of 3rd period - Sean Couturier wins face-off versus James van Riemsdyk in Flames zone.
17:53 of 3rd period - Shot by Travis Konecny.
17:53 of 3rd period - Stopped by Mike Smith without a rebound.
17:54 of 3rd period - Sean Couturier wins face-off versus James van Riemsdyk in Flames zone.
18:22 of 3rd period - Travis Konecny is hit by Brandon Sutter and loses puck.
18:45 of 3rd period - Shot by Henrik Zetterberg.
18:45 of 3rd period - Stopped by Mike Smith without a rebound.
18:46 of 3rd period - Anze Kopitar wins face-off versus Antoine Vermette in Flames zone.
18:53 of 3rd period - Shot by Seth Jones.
18:53 of 3rd period - Stopped by Mike Smith with a rebound.
19:21 of 3rd period - Shot by Mikko Rantanen.
19:21 of 3rd period - Stopped by Mike Smith without a rebound.
19:22 of 3rd period - Sean Couturier wins face-off versus Brandon Sutter in Flames zone.
19:39 of 3rd period - Icing by Esa Lindell.
19:40 of 3rd period - Sean Couturier wins face-off versus Brandon Sutter in Sharks zone.
Goals for this period are 0 for Sharks vs 2 for Flames.
Shots for this period are 11 for Sharks vs 7 for Flames.